 Dungeon Sprint DCSS version 0.27.1 (webtiles) character file.

Game seed: 18019054403769804461

10 styxcanada the Covert (level 2, -1/15 HPs)
             Began as a Spriggan Brigand on Sept 1, 2021.
             Splashed by an oklob sapling's acid (13 damage)
             ... in the Dungeon (Sprint IV: "Fedhas' Mad Dash").
             The game lasted 00:00:43 (138 turns).

styxcanada the Covert (Spriggan Brigand)             Turns: 138, Time: 00:00:44

Health: -1/15      AC: -1    Str:  7    XL:     2   Next: 10%
Magic:  3/3        EV: 17    Int: 12    God:
Gold:   0          SH:  0    Dex: 16    Spells: 1/1 levels left

rFire    . . .     SeeInvis +   a - +2 dagger
rCold    . . .     Faith    .   (shield restricted)
rNeg     . . .     Spirit   .   b - +0 robe
rPois    .         Reflect  .   (helmet restricted)
rElec    .         Harm     .   c - +0 cloak
rCorr    .         Rampage  .   (gloves unavailable)
Will     .....     NoTele   +   (boots unavailable)
Stlth    ++++......             (no amulet)
HPRegen  0.05/turn              (no ring)
MPRegen  0.08/turn              (no ring)

@: corroded, very quick
A: very small, no large weapons, unfitting armour, see invisible, speed 3
a: no special abilities


You were in the Dungeon.
You visited 1 branch

Inventory:

Hand Weapons
 a - a +2 dagger (weapon)
Missiles
 d - 8 poisoned darts
 e - 2 curare-tipped darts (quivered)
 l - 16 stones
Armour
 b - a +0 robe (worn)
 c - a +0 cloak (worn)
Scrolls
 k - a scroll of blinking
Potions
 f - a potion of curing
 g - a potion of heal wounds
 h - a potion of haste
 i - 2 potions of magic
 j - a potion of berserk rage


   Skills:
 * Level 1.9 Fighting
 + Level 2.4 Short Blades
 + Level 2.3 Throwing
 * Level 2.2 Dodging
 * Level 8.0 Stealth


You had one spell level left.
You didn't know any spells.
Your spell library was empty.

Dungeon Overview and Level Annotations

Branches:
Dungeon (1/1)

Altars:

Annotations:
D exclusion: oklob sapling


Innate Abilities, Weirdness & Mutations

You are very small and have problems with some larger weapons.
You are too small for most types of armour.
You have supernaturally acute eyesight. (SInv)
You cover ground extremely quickly. (Speed+++)


Message History

Aim: a river rat (severely wounded, extremely poisoned, 57% to hit)
You throw a curare-tipped dart.
The curare-tipped dart hits the river rat.
The river rat looks as sick as possible!
The river rat convulses.
You kill the river rat!
The fungus looks more healthy.
A nearby fungus withers and dies.
Your Dodging skill increases to level 2!
Your Stealth skill gained 2 levels and is now at level 7!
You have reached level 2!
e - 2 curare-tipped darts (gained 1);
d - 3 poisoned darts You see here a river rat corpse.
d - 4 poisoned darts (gained 1)
You see here a poisoned dart.
There is an open door here.
Things that are here:
a poisoned dart; 16 stones The helpless rat fails to defend itself.
You spit the rat like a pig!!!
You kill the rat!
Your Stealth skill increases to level 8!
d - 5 poisoned darts (gained 1)
d - 6 poisoned darts (gained 1)
d - 7 poisoned darts (gained 1)
You see here 16 stones.
There is an open door here.
d - 8 poisoned darts (gained 1)
There is an open door here.
You see here 16 stones.
l - 16 stones You start resting.
HP restored.
You open the door.
An oklob sapling comes into view.
Marking area around an oklob sapling as unsafe for travelling.
Found 34 gold pieces.
The oklob sapling spits acid at you. The splash of acid hits you.
The acid corrodes you!
You are splashed with acid!
Ouch! That really hurt!
You die...

##################
#<†..#.....#.$$$$#
#PP..'.....@.#
#PPPP#.....#P#
##############


You could see an oklob sapling.

Vanquished Creatures
  A river rat (D)
  A rat (D)
2 creatures vanquished.

Vanquished Creatures (others)
  A fungus (D)
1 creature vanquished.

Grand Total: 3 creatures vanquished

Notes
Turn   | Place    | Note
-------+----------+-------------------------------------------
     0 | D        | styxcanada the Spriggan Brigand began the quest for the
                  | Orb.
     0 | D        | Reached XP level 1. HP: 10/10 MP: 2/2
    18 | D        | Reached skill level 7 in Stealth
    18 | D        | Reached XP level 2. HP: 9/15 MP: 3/3
    30 | D        | Reached skill level 8 in Stealth
   137 | D        | Noticed an oklob sapling
   138 | D        | Splashed by an oklob sapling's acid

Illustrated notes

Levels and vault maps discovered:
D:        dungeon_sprint_fedhas [sprint_temple]

Skill      XL: |  1  2 |
---------------+-------+-----
Dodging        | 2 |  2.2
Stealth        | 7 8 |  8.0
Fighting       | |  1.9
Short Blades   | |  2.4
Throwing       | |  2.3

Action                   || total
-------------------------++-------
Melee: Dagger            ||     1
Throw: Dart              ||     9
 Stab: Sleeping          ||     1
Dodge: Dodged            ||     2
